 Dungeon Crawl Stone Soup version 0.10.0-32-gfa280cc character file.

80 gdami1 the Priest (level 3, 30/30 HPs)
             Began as a Hill Orc Priest on Apr 10, 2012.
             Was a Believer of Beogh.
             Got out of the dungeon alive.
             The game lasted 00:05:58 (1158 turns).

gdami1 the Priest (Hill Orc Priest)                 Turns: 1158, Time: 00:05:58

HP  30/30        AC  7     Str 16      XL: 3   Next: 30%
MP   7/7         EV  9     Int 12      God: Beogh [**....]
Gold 52          SH  0     Dex  9      Spells:  0 memorised,  2 levels left

Res.Fire  : . . .   See Invis. : .   j - +2,+5 dwarf hand axe (flame)
Res.Cold  : . . .   Warding    : . . m - +2 ring mail
Life Prot.: . . .   Conserve   : .   (no shield)
Res.Acid. : . . .   Res.Corr.  : .   (no helmet)
Res.Poison: .       Clarity    : .   (no cloak)
Res.Elec. : .       Spirit.Shd : .   (no gloves)
Sust.Abil.: . .     Stasis     : .   (no boots)
Res.Mut.  : .       Ctrl.Telep.: .   (no amulet)
Res.Rott. : .       Levitation : .   (no ring)
Saprovore : + . .   Ctrl.Flight: .   (no ring)

@: not resistant to hostile enchantments, extremely unstealthy
A: saprovore 1
a: Smiting, Renounce Religion


You escaped.
You worshipped Beogh.
Beogh was most pleased with you.
You were not hungry.

You visited 1 branch of the dungeon, and saw 2 of its levels.

You collected 32 gold pieces.

Inventory:

Hand weapons
 a - a +0,+0 orcish hand axe {=f}
 j - a +2,+5 dwarven hand axe of flaming (weapon)
Armour
 b - a +0 orcish robe
 m - a +2 ring mail (worn)
Comestibles
 c - a meat ration
 f - 2 bread rations
 k - 2 apples
 r - a rotting chunk of giant newt flesh
 s - a rotting chunk of giant newt flesh
Scrolls
 g - a scroll of remove curse {unknown}
 h - 2 scrolls of blinking {unknown}
 n - a scroll of magic mapping {unknown}
 o - a scroll of identify {unknown}
 t - a scroll of random uselessness {unknown}
Potions
 d - a potion of restore abilities {unknown}
 e - 2 potions of brilliance {unknown}
 i - a potion of curing {unknown}


   Skills:
 + Level 2.9 Fighting
 + Level 4.5 Axes
 + Level 0.3 Armour
 + Level 1.1 Dodging
 + Level 6.2 Invocations


You had 2 spell levels left.
You didn't know any spells.

Dungeon Overview and Level Annotations

Branches:
Dungeon (2/27)

Altars:


Innate Abilities, Weirdness & Mutations

You can tolerate rotten meat.


Message History

Welcome back, gdami1 the Hill Orc Priest.
Beogh says: Drown the unbelievers in a sea of blood!
Press ? for a list of commands and other information.
Save game and exit?
Welcome back, gdami1 the Hill Orc Priest.
Beogh says: Drown the unbelievers in a sea of blood!
Press ? for a list of commands and other information.
There is an open door here.
Some of the chunks of flesh in your inventory have completely rotted away.
Why would you want to do that? Why would you want to do that?
Why would you want to do that? Why would you want to do that?
Why would you want to do that?
There is an open door here.
There is a staircase leading out of the dungeon here.
Are you sure you want to leave the Dungeon?
This will make you lose the game! [Y]es or [N]o only, please.
Are you sure you want to leave the Dungeon?
This will make you lose the game!
You have escaped!

#.# #.#....#....#
#.###.#.....##..#
##.....##.......# #..#####
####### ########## #.##..#
#...# #..##...... ##.#....#
###'### #....#.#####
#..#..≈.###>...<###....#..#
#..#§≈≈.#≈#.....#§#..≈≈#..#
#..#§.≈≈#.'..@..'.#.≈≈.#..#
#..#§≈≈.#≈#.....#§#..§.#..#
#..#.≈≈.###<...>###..≈.#..#
##.#....# ###'### #....#.##
#.##..# ##8§8## #..##.#
#..#########§#########..#
##.....##.§§.§§.##....(##
#.###.#...#§....#.##########
#.# #.#.§§.§.#§.#.......((..


There were no monsters in sight!

Vanquished Creatures
  7 giant cockroaches
  4 hobgoblins (D:1)
  3 kobolds (D:1)
  5 bats (D:1)
  4 giant newts (D:1)
  2 goblins (D:1)
  2 rats (D:1)
  2 toadstools (D:1)
29 creatures vanquished.

Vanquished Creatures (others)
  2 rats (D:1)
2 creatures vanquished.

Grand Total: 31 creatures vanquished

Notes
Turn   | Place    | Note
--------------------------------------------------------------
     0 | D:1      | gdami1, the Hill Orc Priest, began the quest for the Orb.
     0 | D:1      | Reached XP level 1. HP: 17/17 MP: 3/3
    85 | D:1      | Reached XP level 2. HP: 12/24 MP: 5/5
   119 | D:1      | Acquired Beogh's second power
   126 | D:1      | Reached skill level 1 in Dodging
   661 | D:1      | Reached XP level 3. HP: 27/30 MP: 7/7
  1158 | D:$      | Got out of the dungeon alive.
